 Dungeon Crawl Stone Soup version 0.27.1-34-g3ba077fa99 (webtiles) character file.

Game seed: 7587730865532152540

24861 pkoi the Destroyer (level 12, -9/84 HPs)
             Began as a Red Draconian Conjurer on Jan 25, 2022.
             Was an Elder of Sif Muna.
             Killed from afar by a bog body (33 damage)
             ... with a bolt of cold
             ... on level 3 of the Lair of Beasts.
             The game lasted 00:35:18 (24928 turns).

pkoi the Destroyer (Red Draconian Conjurer)        Turns: 24928, Time: 00:35:18

Health: -9/84      AC: 10    Str: 10    XL:     12   Next: 84%
Magic:  5/22       EV: 17    Int: 24    God:    Sif Muna [****..]
Gold:   742        SH:  0    Dex:  9    Spells: 4/25 levels left

rFire    + . .     SeeInvis .   b - staff of poison
rCold    . . .     Faith    +   (no shield)
rNeg     . . .     Spirit   .   (armour unavailable)
rPois    +         Reflect  .   (helmet restricted)
rElec    .         Harm     .   t - +0 cloak
rCorr    .         Rampage  .   (no gloves)
Will     .....                  i - +0 pair of boots
Stlth    ++........             m - amulet of faith
HPRegen  0.24/turn              k - +4 ring of evasion
MPRegen  0.18/turn              A - ring of wizardry

@: short of breath, slowed, studying Axes, very slow
A: breathe fire, AC +8, unfitting armour, fire resistance 1, cold-blooded
a: Breathe Fire, Renounce Religion, Channel Magic, Forget Spell, Divine Exegesis


You were on level 3 of the Lair of Beasts.
You worshipped Sif Muna.
Sif Muna was greatly pleased with you.
You visited 3 branches of the dungeon, and saw 13 of its levels.

You collected 814 gold pieces.
You spent 72 gold pieces at shops.

Inventory:

Hand Weapons
 a - the +7 lajatang of Order {silver, rMut}
   (You took it off a kobold on level 9 of the Dungeon)

   It inflicts extra damage upon those it strikes, and deals substantially
   increased damage to chaotic, mutated and magically transformed beings.
   rMut:      It protects you from mutation.
 B - a +3 lajatang of venom
Missiles
 z - 2 curare-tipped darts
Armour
 i - a +0 pair of boots (worn)
 t - a +0 cloak (worn)
Magical Staves
 b - a staff of poison (weapon)
Jewellery
 d - an amulet of guardian spirit
 k - a +4 ring of evasion (left hand)
 m - an amulet of faith (around neck)
 q - a ring of positive energy
 A - a ring of wizardry (right hand)
Wands
 f - a wand of flame (69)
 l - a wand of acid (9)
 n - a wand of paralysis (6)
 C - a wand of iceblast (11)
Scrolls
 g - 5 scrolls of teleportation
 o - a scroll of fear
 p - a scroll of magic mapping
 u - a scroll of fog
 y - a scroll of summoning
Potions
 c - 5 potions of curing
 e - 2 potions of flight
 h - a potion of berserk rage
 j - 4 potions of brilliance
 r - a potion of heal wounds
 s - 2 potions of resistance
 v - a potion of haste
 w - a potion of might
 x - a potion of cancellation


   Skills:
 - Level 1.5 Fighting
 - Level 1.5 Staves
 + Level 7.1 Dodging
 - Level 1.7 Stealth
 - Level 7.1 Spellcasting
 + Level 13.7 Conjurations
 + Level 12.7 Fire Magic
 - Level 3.2 Earth Magic
 - Level 7.4 Invocations


You had 4 spell levels left.
You knew the following spells:

 Your Spells              Type           Power      Damage    Failure   Level
a - Magic Dart            Conj           100%       1d8       1%          1
b - Searing Ray           Conj           100%       3d7       1%          2
c - Conjure Flame         Conj/Fire      64%        6-21      1%          3
d - Sticky Flame          Conj/Fire      64%        2d8       1%          4
e - Bolt of Magma         Conj/Fire/Erth 27%        4d13      1%          5
f - Starburst             Conj/Fire      32%        6d10      1%          6

Your spell library contained the following spells:

 Spells                   Type           Power      Damage    Failure   Level
 Dazzling Flash           Conj/Hex       82%        N/A       1%          3
 Ignite Poison            Fire/Tmut/Pois 43%        N/A       1%          3
 Fulminant Prism          Conj/Hex       20%        3d13      1%          4
 Iskenderun's Mystic Bla  Conj/Tloc      41%        2d9       1%          4
 Corona                   Hex            8%         N/A       2%          1
 Summon Small Mammal      Summ           32%        N/A       2%          1
 Ensorcelled Hibernation  Hex/Ice        16%        N/A       4%          2
 Sublimation of Blood     Necr           4%         N/A       4%          2
 Call Canine Familiar     Summ           8%         N/A       9%          3
 Summon Guardian Golem    Hex/Summ       8%         N/A       9%          3
 Tukima's Dance           Hex            8%         N/A       9%          3
 Leda's Liquefaction      Hex/Erth       8%         N/A       16%         4
 Petrify                  Tmut/Erth      16%        N/A       16%         4
 Irradiate                Conj/Tmut      20%        3d20      4%          5
 Statue Form              Tmut/Erth      10%        N/A       89%         6


Dungeon Overview and Level Annotations

Branches:
Dungeon (9/15)             Temple (1/1) D:4            Lair (3/6) D:8
  Snake (0/4) Lair:2
  Swamp: Lair:2-4    Shoals: Lair:2-4       Orc: D:9-12

Altars:
Ashenzari
Cheibriados
Dithmenos
Elyvilon
Fedhas
Gozag
Hepliaklqana
Kikubaaqudgha
Makhleb
Nemelex Xobeh
Okawaru
Qazlal
Ru
Sif Muna
Trog
Uskayaw
Vehumet
Wu Jian
Xom
Yredelemnul
Zin
The Shining One

Shops:
D:2 *   D:3 (   D:7 *   D:8 ?

Annotations:
D:3 3 runed translucent doors, KittyFluff's ghost, weakling GrBe
Lair:2 flight vault


Innate Abilities, Weirdness & Mutations

You can breathe blasts of fire.
Your fiery red scales are hard. (AC +8)
You cannot fit into any form of body armour.
Your flesh is heat resistant. (rF+)
You are cold-blooded and may be slowed by cold attacks.


Message History

The bog body burns!
The bog body burns!
The bog body burns!
The bog body stops burning.
The bog body gestures at you while chanting.
You feel yourself slow down. The bog body casts a spell at you.
The bolt of cold misses you.
The bog body gestures at you while chanting.
You resist with significant effort. The bog body casts a spell at you.
The bolt of cold hits you! The bog body casts a spell at you.
You feel as though you will be slow longer.
The bog body casts a spell at you.
You feel as though you will be slow longer.
The bog body casts a spell at you. The bolt of cold hits you!!
There is an open door here.
You close the door.
A bog body opens the door.
A bog body is nearby!
The bog body casts a spell at you.
You feel as though you will be slow longer.
Casting: Sticky Flame (safe; 1% risk of failure)
Confirm with . or Enter, or press ? or * to list all spells.
You don't have enough magic to cast this spell.
The bog body touches you but does no damage.
Unknown command.
Press: ? - help, Shift-Dir - straight line, f/p - bog body
Aim: a bog body (moderately damaged)
You breathe a blast of fire.
The fiery breath hits the bog body.
The bog body resists.
The bog body is moderately damaged.
The bog body is engulfed in blazing flames.
The bog body touches you. The bog body freezes you!!
* * * LOW HITPOINT WARNING * * *
The bog body is engulfed in blazing flames.
The bog body points at you and mumbles some strange words.
The bolt of cold hits you!!
You die...

### ##.###### ### ##
###.#.#.#.###.### # ##.#
#...............# #
.#########.#####.........)....###
.†...........###...............#.
..........>..##..............##.+
.............###@.............#..
#...........n'.#n.............#..
.............#...............#..P
.............#...............+..P
#............###...........>.###.
##.#.#...#.'## #.............# ##
#########...# ##.PP###P.###.. #
### #...P# .P..# #### #### #
####.####..### .P..### #


You could see a bog body.

Vanquished Creatures
  3 hydras
  A two-headed ogre (D:7)
  4 death yaks (Lair:2)
  A manticore (D:7)
  5 black mambas
  5 cane toads
  3 kobold demonologists (D:9)
  9 rime drakes (Lair:2)
  3 komodo dragons
  2 hornets
  3 trolls
  7 blink frogs (Lair:1)
  Prince Ribbit (Lair:1)
  2 shadows
  7 yaks
  4 wyverns
  A wraith (D:9)
  13 steam dragons
  21 water moccasins
  2 acid dragons
  An orc warrior (D:7)
  4 black bears
  2 necrophages
  An ice beast (D:7)
  8 wolves
  2 centaurs
  A phantom (D:4)
  3 kobold brigands (D:9)
  4 bullfrogs
  4 scorpions
  2 wyvern skeletons
  A water moccasin skeleton (D:5)
  A killer bee (D:7)
  A wight (D:7)
  5 electric eels (D:8)
  A howler monkey (D:7)
  A bullfrog zombie (D:6)
  2 centaur zombies (D:7)
  2 centaur skeletons
  3 jellies
  6 hounds
  2 orc priests
  3 iguanas
  Natasha (twice) (D:2)
  An orc wizard (D:3)
  A killer bee zombie (D:7)
  A mummy (D:5)
  A howler monkey skeleton (D:4)
  7 adders
  2 white imps (D:5)
  An ufetubus (D:5)
  An adder skeleton (D:4)
  3 worms
  4 dart slugs
  17 orcs
  9 endoplasms
  4 giant cockroaches
  5 hobgoblins
  A quokka (D:2)
  5 ball pythons
  4 bats
  5 frilled lizards
  5 goblins
  A hobgoblin zombie (D:5)
  21 kobolds
  2 kobold zombies (D:5)
  An orc zombie (D:5)
  6 rats
267 creatures vanquished.

Vanquished Creatures (others)
  A rime drake (Lair:2)
  27 fungi
  39 plants
67 creatures vanquished.

Grand Total: 334 creatures vanquished

Notes
Turn   | Place    | Note
-------+----------+-------------------------------------------
     0 | D:1      | pkoi the Draconian Conjurer began the quest for the Orb.
     0 | D:1      | Reached XP level 1. HP: 14/14 MP: 3/3
   448 | D:1      | Reached XP level 2. HP: 18/20 MP: 0/5
  1300 | D:2      | Found Boxousaj's General Store.
  1430 | D:2      | Reached XP level 3. HP: 13/26 MP: 1/6
  1747 | D:2      | Learned a level 2 spell: Searing Ray
  1751 | D:2      | Learned a level 3 spell: Conjure Flame
  2694 | D:2      | Reached skill level 5 in Conjurations
  2762 | D:2      | Reached XP level 4. HP: 33/33 MP: 3/8
  2855 | D:2      | Reached skill level 1 in Fire Magic
  2928 | D:2      | Noticed Natasha
  2935 | D:2      | Killed Natasha
  3336 | D:2      | Noticed Natasha
  3344 | D:2      | Killed Natasha
  4049 | D:3      | Found Dellotih's Weapon Shoppe.
  4207 | D:3      | Reached XP level 5. HP: 26/38 MP: 6/9
  5246 | D:3      | Found a runed translucent gate.
  5247 | D:3      | Found a runed translucent gate.
  5250 | D:3      | Found a runed translucent gate.
  5276 | D:3      | Noticed KittyFluff's ghost (weakling GrBe)
  5661 | D:3      | Found a faded altar of an unknown god.
  5924 | D:4      | Found a staircase to the Ecumenical Temple.
  5951 | Temple   | Entered the Ecumenical Temple
  6263 | Temple   | Became a worshipper of Sif Muna the Loreminder
  6585 | D:4      | Reached skill level 6 in Conjurations
  6911 | D:4      | Noticed a phantom
  6916 | D:4      | Killed a phantom
  6917 | D:4      | Reached skill level 1 in Invocations
  6917 | D:4      | Reached XP level 6. HP: 45/45 MP: 6/11
  7148 | D:4      | Found a broken altar of Ashenzari.
  7148 | D:4      | Found a radiant altar of Vehumet.
  7152 | D:4      | Found an iron altar of Okawaru.
  7419 | D:4      | Your scales start taking on a fiery red colour.
  7419 | D:4      | Reached XP level 7. HP: 50/50 MP: 5/12
  7419 | D:4      | Gained mutation: Your flesh is heat resistant. (rF+) [Red
                  | Draconian growth]
  7894 | D:5      | Entered Level 5 of the Dungeon
  7902 | D:5      | Reached skill level 7 in Conjurations
  7961 | D:5      | Learned a level 4 spell: Sticky Flame
  8659 | D:5      | Reached * piety under Sif Muna
  9220 | D:6      | Identified a scroll of acquirement
  9220 | D:6      | Acquired a +2 lajatang of venom
  9334 | D:6      | Reached XP level 8. HP: 54/58 MP: 8/14
  9464 | D:6      | Reached skill level 1 in Fighting
  9464 | D:6      | Reached skill level 1 in Staves
  9873 | D:6      | Reached skill level 8 in Conjurations
 10173 | D:7      | Noticed a two-headed ogre
 10178 | D:7      | Reached skill level 5 in Spellcasting
 10251 | D:7      | Reached skill level 5 in Fire Magic
 10316 | D:7      | Reached XP level 9. HP: 54/64 MP: 8/16
 10429 | D:7      | Noticed a troll
 10614 | D:7      | Killed a two-headed ogre
 10615 | D:7      | Reached skill level 9 in Conjurations
 10615 | D:7      | Reached skill level 5 in Invocations
 11023 | D:7      | Found Ejopnyrch's Serpentskin Sales.
 11038 | D:7      | Killed a troll
 11039 | D:7      | Reached skill level 10 in Conjurations
 11208 | D:7      | Noticed a manticore
 11337 | D:7      | Killed a manticore
 11338 | D:7      | Reached XP level 10. HP: 57/72 MP: 14/19
 11695 | D:8      | Identified the +8 war axe of Watchfulness {freeze, Stlth+}
 11756 | D:8      | Reached ** piety under Sif Muna
 11988 | D:8      | Learned a level 5 spell: Bolt of Magma
 12648 | D:8      | Found a staircase to the Lair.
 12668 | D:8      | Reached skill level 1 in Earth Magic
 13566 | D:8      | Found Yxoxunn's Magic Scroll Emporium.
 13572 | D:8      | Bought a scroll of identify for 24 gold pieces
 13572 | D:8      | Bought a scroll of identify for 24 gold pieces
 13576 | D:8      | Bought a scroll of identify for 24 gold pieces
 13783 | Lair:1   | Entered Level 1 of the Lair of Beasts
 13940 | Lair:1   | Noticed a seven-headed hydra
 14512 | D:9      | Reached skill level 11 in Conjurations
 15190 | D:9      | Found a glowing golden altar of the Shining One.
 15707 | D:9      | Learned a level 6 spell: Starburst
 16295 | D:8      | Killed a seven-headed hydra
 16296 | D:8      | Reached XP level 11. HP: 38/78 MP: 12/21
 16510 | Lair:1   | Reached *** piety under Sif Muna
 17157 | Lair:1   | Noticed Prince Ribbit
 17171 | Lair:1   | Killed Prince Ribbit
 17176 | Lair:1   | Reached skill level 12 in Conjurations
 18467 | Lair:2   | Reached skill level 10 in Fire Magic
 19400 | Lair:2   | Noticed a seven-headed hydra
 20490 | Lair:2   | Noticed a death yak
 20490 | Lair:2   | Noticed a death yak
 20492 | Lair:2   | Noticed a death yak
 20492 | Lair:2   | Noticed a death yak
 20534 | Lair:2   | Killed a death yak
 20871 | Lair:2   | Killed a death yak
 20872 | Lair:2   | Reached XP level 12. HP: 34/84 MP: 12/22
 21297 | Lair:2   | Found a staircase to the Snake Pit.
 21318 | Lair:2   | Identified the +5 spear of Xerhyug {distort, rF+}
 21344 | Lair:2   | Killed a seven-headed hydra
 21345 | Lair:2   | Reached skill level 5 in Dodging
 21569 | Lair:2   | Reached **** piety under Sif Muna
 21570 | Lair:2   | Reached skill level 13 in Conjurations
 22238 | Lair:2   | Killed a death yak
 22239 | Lair:2   | Killed a death yak
 24054 | Lair:3   | Noticed an eight-headed hydra
 24058 | Lair:3   | Killed an eight-headed hydra
 24928 | Lair:3   | Killed from afar by a bog body

Illustrated notes

Levels and vault maps discovered:
D:1:      erik_arrival_cave_to_civilisation [erik_arrival_cave_to_hall],
          layout_basic
D:2:      layout_loops_ring, serial_shops, nicolae_shop_window_shopping,
          minmay_tripent, uniq_natasha
D:3:      layout_basic, basic_ecumenical_altar, gammafunk_ghost_nasty_kobolds,
          serial_shops, shop
D:4:      layout_gridville, grunt_temple_overflow_open,
          minmay_temple_entry_fiery, minmay_manual_monstrance
D:5:      layout_basic, minmay_mini_ossuary
D:6:      layout_rooms, minmay_stone_trees_medium
D:7:      nzn_winding_woodlands_small
          [nzn_winding_woodlands_5x15_river_crossing,
          nzn_winding_woodlands_center_diamonds,
          nzn_winding_woodlands_5x15_cabin], layout_loops_cross,
          grunt_ministairs_3, guppyfry_shop_venom
D:8:      layout_gridville, erik_lair_island, serial_shops, shop
D:9:      layout_cave_pools, lemuel_tele_altar
Temple:   dpeg_five_rooms_temple
Lair:1:   layout_chaotic_city, chequers_serial_rivers_small_a,
          grunt_megastairs_4, uniq_prince_ribbit2
Lair:2:   layout_cellular_growth, minmay_snake_entry_six_corridors,
          bobbens_dragon_lair_wall, grunt_megastairs_2
Lair:3:   layout_roguey, nicolae_swamp_entry_splash_gauntlet,
          serial_bayou_pond_e, chequers_serial_rivers_room_b,
          grunt_forest_small_clearing_treed, lemuel_fruit_tree

Skill      XL: |  1  2  3  4  5  6  7  8  9 10 11 12 |
---------------+-------------------------------------+-----
Conjurations   | 5 6 7 8 10 11 12 13 | 13.7
Fire Magic     | 1 2 3 5 6 8 11 12 | 12.7
Spellcasting   | 3 4 5 6 7 |  7.1
Invocations    | 1 2 3 4 6 7 |  7.4
Dodging        | 2 4 7 |  7.1
Fighting       | 1 |  1.5
Staves         | 1 |  1.5
Earth Magic    | 3 |  3.2
Stealth        | |  1.7

Action                   |  1- 3 |  4- 6 |  7- 9 | 10-12 || total
-------------------------+-------+-------+-------+-------++-------
Melee: Dagger            |    12 |       |       |       ||    12
       Staff             |    23 |    20 |     8 |    38 ||    89
       Tailslap          |     2 |     2 |       |     4 ||     8
       Lajatang          |       |       |     2 |    37 ||    39
 Cast: Magic Dart        |    63 |    33 |    27 |    51 ||   174
       Searing Ray       |     1 |    30 |    40 |    70 ||   141
       Conjure Flame     |       |     1 |       |       ||     1
       Sticky Flame      |       |       |     2 |    44 ||    46
       Starburst         |       |       |       |    26 ||    26
       Bolt of Magma     |       |       |       |     3 ||     3
 Abil: Breathe Fire      |       |       |     5 |    15 ||    20
  Use: Scroll            |       |     7 |     6 |    12 ||    25
       Potion            |       |     3 |       |     1 ||     4
 Stab: Sleeping          |     2 |       |       |       ||     2
Armor: Skin              |    16 |    14 |    18 |    66 ||   114
Dodge: Dodged            |    25 |    18 |    53 |   239 ||   335
